 Dungeon Crawl Stone Soup version 0.29-a0-266-gf56f883ddd (webtiles) character file.

Game seed: 17674956822913295468

445 spaghetti the Ruffian (level 6, -7/42 HPs)
             Began as a Demonspawn Chaos Knight on Mar 5, 2022.
             Was a Plaything of Xom.
             Engulfed by a cloud of flame (14 damage)
             ... on level 4 of the Dungeon on Mar 6, 2022.
             The game lasted 00:05:34 (4086 turns).

spaghetti the Ruffian (Demonspawn Chaos Knight)     Turns: 4086, Time: 00:05:35

Health: -7/42      AC:  9    Str: 20    XL:     6   Next: 72%
Magic:  6/6        EV: 11    Int: 14    God:    Xom [....*.]
Gold:   177        SH:  0    Dex: 12    Spells: 5/5 levels left

rFire   . . .      SeeInvis .     - Unarmed
rCold   + . .      Faith    .   (no shield)
rNeg    . . .      Spirit   .   a - +2 leather armour
rPois   .          Reflect  .   p - +2 helmet
rElec   .          Harm     .   u - +0 cloak
rCorr   .          Rampage  .   (no gloves)
Will    .....      Rage     1%  (no boots)
Stlth   +.........              (no amulet)
HPRegen 0.14/turn               v - +6 ring of strength
MPRegen 0.10/turn               i - ring of protection from cold

@: about to teleport
A: claws 2, demonic magic 1, berserk 1, frail 1, screaming 1
a: Renounce Religion


You were on level 4 of the Dungeon.
You worshipped Xom.
You were a beloved toy of Xom.
You visited 1 branch of the dungeon, and saw 4 of its levels.

You collected 177 gold pieces.


Innate Abilities, Weirdness & Mutations

You have very sharp fingernails.
Spells you cast may paralyse adjacent enemies.
You tend to lose your temper in combat.
You are frail. (-10% HP)
You occasionally shout uncontrollably at your foes.


   Skills:
 - Level 3.0 Fighting
 - Level 1.7 Armour
 - Level 0.8 Dodging
 + Level 7.0 Unarmed Combat


You had 5 spell levels left.
You didn't know any spells.
Your spell library contained the following spells:

 Spells                   Type           Power      Damage    Failure   Level
 Static Discharge         Conj/Air       0%         N/A       45%         2
 Ignite Poison            Fire/Tmut/Pois 0%         N/A       69%         3
 Mephitic Cloud           Conj/Pois/Air  0%         N/A       69%         3
 Dispel Undead            Necr           0%         3d6       97%         4
 Sticky Flame             Conj/Fire      0%         2d3       97%         4
 Freezing Cloud           Conj/Ice/Air   0%         6-21      100%        5

Inventory:

Hand Weapons
 b - a +0 hunting sling {sling}
   (You found it on level 1 of the Dungeon)
 n - a +0 demon blade of venom {long}
   (You took it off a kobold on level 3 of the Dungeon)
 r - the +4 battleaxe of Abuse {pain, rF- Int+5, axe}
   (You found it on level 3 of the Dungeon)

   In the hands of one skilled in necromantic magic, it inflicts extra damage on
   living creatures.
   Int:       It affects your intelligence (+5).
   rF:        It makes you vulnerable to fire.
Missiles
 e - 48 stones (quivered) {throwing}
 g - 3 boomerangs {throwing}
Armour
 a - a +2 leather armour (worn)
 p - a +2 helmet (worn)
   (You found it on level 3 of the Dungeon)
 u - a +0 cloak (worn)
   (You found it on level 3 of the Dungeon)
Magical Staves
 l - a staff of cold {!astaff}
   (You found it on level 2 of the Dungeon)
Jewellery
 i - a ring of protection from cold (right claw)
   (You found it on level 2 of the Dungeon)
 v - a +6 ring of strength (left claw)
   (You found it on level 3 of the Dungeon)
Wands
 m - a wand of polymorph (10)
   (You took it off Grinder on level 3 of the Dungeon)
Scrolls
 q - a scroll of noise {!r}
 t - a scroll of teleportation {@r4}
Potions
 d - 3 potions of might
 f - 3 potions of curing {@q1}
 h - a potion of heal wounds {unknown}
 o - a potion of haste {@q3}

Dungeon Overview and Level Annotations

Branches:
Dungeon (4/15)
 Temple: D:4-7

Altars:
Qazlal

..###.#### #.###.#
#.#.....# #.# #
#.#.#...# #.# #
#...#...# .## .#
###.#...#### .# ..#
...........# ####.#
?..# ###.....##.#
#....#....
#..#####.###.#§.§#.#
#.).w.##......@§...#
#..####....#.#§#§..#
#..#####.#.#.#.# ..#
#)....##........ ..#
###...#.##.###.###.
... #.....# ...# #.#
.. .# ..#...# .###
### .. # ....###..
#.. ....#


There were no monsters in sight!


Message History

You kill the endoplasm!
The endoplasm barely misses you.
You scratch the endoplasm. The endoplasm freezes you.
You are frozen.
You resist. 😕 HP[-2]
You take 2 damage, and now have 39/42 hp.
You barely miss the endoplasm. You scratch the endoplasm.
You kill the endoplasm!
No target in view!
No target in view!
No target in view!
No target in view!
No target in view!
No target in view!
No target in view!
No target in view!
h - a fuming red potion 😎 HP[+3]
Your hp is fully restored (42).
An iguana comes into view.
The iguana hisses angrily.
The iguana bites you. 😕 HP[-6]
You take 6 damage, and now have 36/42 hp.
You claw the iguana! The iguana misses you.
You claw the iguana!
You kill the iguana!
Your Unarmed Combat skill increases to level 7!
No target in view!
No target in view!
No target in view!
No target in view!
No target in view!
No target in view!
No target in view!
No target in view!
No target in view!
No target in view!
No target in view!
No target in view!
No target in view!
No target in view!
Found a stone staircase leading down. 😎 HP[+6]
Your hp is fully restored (42).
k - a scroll labelled RURAGH ZINUMETI You now have 163 gold pieces (gained 8).
You now have 177 gold pieces (gained 14).
An endoplasm comes into view.
The endoplasm quivers.
The endoplasm freezes you.
You are frozen.
You resist.
You claw the endoplasm!
You kill the endoplasm!
No target in view!
No target in view!
No target in view!
No target in view!
No target in view!
No target in view!
No target in view!
No target in view!
No target in view!
No target in view!
No target in view!
No target in view!
No target in view!
No target in view!
No target in view!
Found a stone staircase leading down.
There is a stone staircase leading down here.
f - 3 potions of curing {@q1} (gained 1)
t - 2 scrolls labelled QUMORO IRYXONG (gained 1) Key pressed, stopping explore.
An endoplasm comes into view.
The endoplasm quivers.
As you read the scroll labelled RURAGH ZINUMETI, it crumbles to dust.
The creatures around you are filled with an inner flame!
It was a scroll of immolation.
As you read the scroll labelled VILAME CYGEIL, it crumbles to dust.
It is a scroll of identify.
q - a scroll of noise
As you read the scroll labelled SYWAXZ OBUETU, it crumbles to dust.
It is a scroll of amnesia.
You feel forgetful for a moment. The endoplasm barely misses you.
As you read the scroll labelled QUMORO IRYXONG, it crumbles to dust.
You feel strangely unstable.
It was a scroll of teleportation.
The endoplasm completely misses you.
An endoplasm is nearby!
An endoplasm is nearby!
An endoplasm is nearby!
You claw the endoplasm!
The endoplasm explodes!
The fiery explosion engulfs you!!
Ouch! That really hurt!
* * * LOW HITPOINT WARNING * * *
You are engulfed in blazing flames.
You die...

Skill      XL: |  1  2  3  4  5  6 |
---------------+-------------------+-----
Unarmed Combat | 3 4 6 7 |  7.0
Fighting       | |  3.0
Armour         | |  1.7
Dodging        | |  0.8

Action                   |  1- 3 |  4- 6 || total
-------------------------+-------+-------++-------
Melee: Unarmed           |   149 |    97 ||   246
       Punch             |     2 |     5 ||     7
  Use: Potion            |     1 |     7 ||     8
       Scroll            |       |     4 ||     4
 Stab: Sleeping          |     1 |       ||     1
Armor: Leather armour    |    34 |    27 ||    61
       Skin              |       |     3 ||     3
Dodge: Dodged            |    71 |    40 ||   111

Levels and vault maps discovered:
D:1:      psy_arrival_wood_between_worlds, layout_basic,
          ebering_ecumenical_altar_petrified, minmay_misc_feat_iff
D:2:      layout_basic, due_unseen_surprise
D:3:      layout_basic, nicolae_qazlal_scattered_showers,
          wad_floor_pattern_untrapped, uniq_grinder
D:4:      layout_basic

Notes
Turn   | Place    | Note
-------+----------+-------------------------------------------
     0 | D:1      | spaghetti the Demonspawn Chaos Knight began the quest for
                  | the Orb.
     0 | D:1      | Reached XP level 1. HP: 18/18 MP: 1/1
     0 | D:1      | magus.rc [v1.9.6]
     5 | D:1      | Upgraded the game from 0.29-a0-251-g80730f7218 to
                  | 0.29-a0-266-gf56f883ddd
     5 | D:1      | magus.rc [v1.9.6]
   151 | D:1      | Reached skill level 3 in Unarmed Combat
   314 | D:1      | Gained mutation: You have sharp fingernails. [demonic
                  | ancestry]
   314 | D:1      | Reached XP level 2. HP: 19/24 MP: 2/2
   425 | D:1      | XOM: silly message
   662 | D:1      | Found a faded altar of an unknown god.
   678 | D:1      | HP: 5/24 [frozen (3)]
  1010 | D:1      | Gained mutation: Spells you cast may paralyse adjacent
                  | enemies. [demonic ancestry]
  1010 | D:1      | Reached XP level 3. HP: 26/29 MP: 3/3
  1049 | D:1      | XOM: noise
  1154 | D:1      | XOM: divination: magic mapping
  1223 | D:1      | XOM: silly message
  1353 | D:1      | You add the spells Ignite Poison, Mephitic Cloud and
                  | Freezing Cloud to your library.
  1447 | D:2      | Reached skill level 4 in Unarmed Combat
  1518 | D:2      | You pick up a book of Touch and begin reading...
  1518 | D:2      | You add the spells Static Discharge, Sticky Flame and
                  | Dispel Undead to your library.
  1738 | D:2      | XOM: silly message
  1893 | D:2      | Found the +1 Delatra's gloves {ID++}
  2182 | D:2      | Gained mutation: You have very sharp fingernails. [demonic
                  | ancestry]
  2182 | D:2      | Reached XP level 4. HP: 22/35 MP: 4/4
  2197 | D:2      | XOM: scenery: 3 doors close
  2596 | D:3      | XOM: cloud trail
  2708 | D:3      | Noticed Grinder
  2729 | D:3      | Killed Grinder
  2730 | D:3      | Reached skill level 6 in Unarmed Combat
  2730 | D:3      | Reached XP level 5. HP: 37/41 MP: 5/5
  2730 | D:3      | Reached XP level 6. HP: 42/47 MP: 6/6
  2920 | D:3      | Identified the +4 battleaxe of Abuse {pain, rF- Int+5}
  3029 | D:3      | Found a stormy altar of Qazlal.
  3269 | D:3      | XOM: summons 4 hostile demons
  3398 | D:3      | XOM: give mutations
  3398 | D:3      | Gained mutation: You occasionally shout uncontrollably at
                  | your foes. [Xom's mischief]
  3398 | D:3      | Gained mutation: You are frail. (-10% HP) [Xom's mischief]
  3398 | D:3      | Gained mutation: You tend to lose your temper in combat.
                  | [Xom's mischief]
  3630 | D:3      | XOM is BORED!
  3791 | D:4      | XOM: enchant monster (good)
  3954 | D:4      | Reached skill level 7 in Unarmed Combat
  4086 | D:4      | HP: 7/42 [spore (35)]
  4086 | D:4      | Engulfed by a cloud of flame

Vanquished Creatures
  Grinder (D:3)
  A gnoll shaman (D:3)
  An iguana (D:4)
  An orc wizard (D:4)
  2 adders (D:3)
  4 gnolls
  5 worms
  2 dart slugs (D:1)
  12 orcs
  13 endoplasms
  A giant cockroach (D:2)
  5 goblins
  7 hobgoblins
  4 jackals (D:2)
  11 kobolds
  2 quokkas
  4 ball pythons (D:1)
  A bat (D:2)
  4 frilled lizards
  3 rats
84 creatures vanquished.

Table legend:
 A = Non-vault XP
 B = Vault XP
 C = Vault XP percentage of total XP
 D = Non-vault monster count
 E = Vault monster count
 F = Vault count percentage of total count
                 A         B        C        D         E       F
            +---------+---------+-------+---------+---------+-------
      Total |     358 |     281 |  44.0 |      83 |       1 |   1.2
            +---------+---------+-------+---------+---------+-------
        D:1 |      51 |       0 |   0.0 |      26 |       0 |   0.0
        D:2 |      53 |       0 |   0.0 |      22 |       0 |   0.0
        D:3 |     117 |     281 |  70.6 |      17 |       1 |   5.6
        D:4 |     137 |       0 |   0.0 |      18 |       0 |   0.0
            +---------+---------+-------+---------+---------+-------

Illustrated notes

Table legend:
 A = Kills in this place as a percentage of kills in entire the game.
 B = Kills by you in this place as a percentage of kills by you in the entire game.
 C = Kills by friends in this place as a percentage of kills by friends in the entire game.
 D = Other kills in this place as a percentage of other kills in the entire game.
 E = Experience gained in this place as a percentage of experience gained in the entire game.
 F = Experience gained in this place divided by the number of levels of this place that you have seen.
                   A       B       C       D       E      F
               +-------+-------+-------+-------+-------+----------------------
         Total | 100.0 | 100.0 |   N/A |   N/A | 100.0 | 159.8
       Dungeon | 100.0 | 100.0 |   N/A |   N/A | 100.0 | 159.8
               +-------+-------+-------+-------+-------+----------------------

Table legend: (Time is in decaauts)
 A = Elapsed time spent in this place.
 B = Non-inter-level travel time spent in this place.
 C = Inter-level travel time spent in this place.
 D = Time resting spent in this place.
 E = Time spent auto-exploring this place.
 F = Levels seen in this place.
 G = Mean time per level.
                   A        B        C        D        E       F      G
               +--------+--------+--------+--------+--------+-----+--------+
         Total |   4045 |   3952 |     93 |    790 |   2605 |   4 | 1011.2 |
       Dungeon |   4045 |   3952 |     93 |    790 |   2605 |   4 | 1011.2 |
               +--------+--------+--------+--------+--------+-----+--------+

Top non-repeatable levels by time:
     D:1: 1439 daAuts
     D:2: 1135 daAuts
     D:3: 1099 daAuts
     D:4: 371 daAuts
